 Dungeon Crawl Stone Soup version 0.31.0-10-gcf4a605ca0 (webtiles) character file.

Game seed: 17191417522034554620

92 Arcadio the Ruffian (level 4, -1/34 HPs)
             Began as a Merfolk Shapeshifter on Jan 25, 2024.
             Slain by a cerulean imp
             ... wielding a +2 spear
             ... summoned by Natasha
              (2 damage)
             ... on level 3 of the Dungeon.
             The game lasted 00:02:21 (1484 turns).

Arcadio the Ruffian (Merfolk Shapeshifter)          Turns: 1484, Time: 00:02:22

Health: -1/34      AC:  2    Str: 22    XL:     4   Next: 60%
Magic:  4/4        EV: 10    Int:  9    God:
Gold:   183        SH:  0    Dex: 13    Spells: 3/3 levels left

rFire   . .          .
                       - Unarmed
rCold   . . .        (no shield)
rNeg    . . .        a - +0 animal skin
rPois   .            (helmet currently unavailable)
rElec   .            (cloak currently unavailable)
rCorr   .            (gloves currently unavailable)
SInv    .            (boots currently unavailable)
Will    .....        (no amulet)
Stlth   +            k - +6 ring of strength
HPRegen 0.25/turn    (no ring)
MPRegen 0.09/turn

%: no passive effects
@: beast-form, slowed, constricted, very slow
A: beast (slay +2), (nimble swimmer 2), mertail
a: Begin Untransformation


You were on level 3 of the Dungeon.
You were a hulking beast.
You visited 1 branch of the dungeon, and saw 3 of its levels.

You collected 183 gold pieces.

Inventory:

Armour
 a - a +0 animal skin (worn)
 g - a +0 pair of boots
Jewellery
 k - a +6 ring of strength (left hand)
Talismans
 c - a beast talisman
 d - a flux talisman
Scrolls
 e - 2 scrolls of teleportation {unknown}
 f - a scroll of poison {unknown}
 h - a scroll of identify {unknown}
 i - a scroll of vulnerability {unknown}
 j - a scroll of fog {unknown}
 p - a scroll of summoning {unknown}
Potions
 b - a potion of lignification
 l - 2 potions of magic {unknown}
 m - a potion of curing {unknown}
 n - 2 potions of enlightenment {unknown}
 o - a potion of mutation {unknown}


   Skills:
 + Level 2.8 Fighting
 + Level 4.2 Dodging
 + Level 4.2 Unarmed Combat
 - Level 4.0 Shapeshifting


You had 3 spell levels left.
You didn't know any spells.
Your spell library was empty.

Dungeon Overview and Level Annotations

Branches:
Dungeon (3/15)

Altars:

Shops:
D:1 =

Annotations:
D:3 Grinder, Natasha


Innate Abilities, Weirdness & Mutations

You are a hulking beast.
Your limbs bulge with bestial killing power. (Slay +2)
((You are very nimble when in or above water. (Stealth+, EV+, Speed+++)))
Your lower body shifts to a powerful aquatic tail in water.


Message History

Natasha casts a spell at you.
You feel yourself slow down.
Natasha stares at you and mumbles some strange words.
You feel as though you will be slow longer.
Natasha mumbles some strange words.
Natasha attacks as she pursues you! Natasha barely misses you.
The cerulean imp hits you from afar with a +2 spear.
Natasha claws you but does no damage.
A ball python comes into view.
The cerulean imp attacks as it pursues you!
The cerulean imp barely misses you.
Natasha mumbles some strange words.
Grinder blinks!
The cerulean imp hits you from afar with a +2 spear.
The ball python hisses angrily.
The cerulean imp attacks as it pursues you!
The cerulean imp closely misses you.
The cerulean imp attacks as it pursues you!
The cerulean imp hits you from afar with a +2 spear!
The cerulean imp hits you from afar with a +2 spear.
Natasha closely misses you.
Grinder blinks!
The cerulean imp attacks as it pursues you!
The cerulean imp hits you from afar with a +2 spear.
The cerulean imp closely misses you.
The cerulean imp hits you from afar with a +2 spear.
Natasha barely misses you.
Grinder blinks!
The ball python bites you but does no damage.
The ball python closely misses you. The cerulean imp barely misses you.
The cerulean imp closely misses you.
The cerulean imp attacks as it pursues you!
The cerulean imp hits you from afar with a +2 spear.
* * * LOW HITPOINT WARNING * * *
The ball python bites you but does no damage.
The ball python grabs you. The ball python constricts you.
* * * LOW HITPOINT WARNING * * *
The cerulean imp hits you from afar with a +2 spear.
* * * LOW HITPOINT WARNING * * *
The cerulean imp hits you from afar with a +2 spear.
You die...

......)..#.........####..........
.....#.................5.........
...#................######.......
...#.>...).......#..##......####.
......#..##..........5......#
>...........................##
..............##..5...§.........
..........#..#...h5............#
(.......##...#..hS.r...........#
........##.#....#############..#
.........#...#..# ..#
#####........#..#Z. .#
#.........#..#..#
###.#..#.##....#..#
#...#..........#$...
##.........###.©#$...
#..(###...####..#.


You could see Grinder, Natasha, 2 cerulean imps, a ball python and a rat.

Vanquished Creatures
  A hound (D:3)
  An adder (D:2)
  A dart slug (D:1)
  A ribbon worm (D:2)
  2 bats (D:2)
  8 endoplasms
  3 giant cockroaches
  3 hobgoblins
  4 jackals (D:1)
  A quokka (D:1)
  4 ball pythons
  2 frilled lizards (D:1)
  7 goblins
  2 kobolds
  4 rats
44 creatures vanquished.

Notes
Turn   | Place    | Note
-------+----------+-------------------------------------------
     0 | D:1      | Arcadio the Merfolk Shapeshifter began the quest for the
                  | Orb.
     0 | D:1      | Reached XP level 1. HP: 15/15 MP: 1/1
    65 | D:1      | Reached XP level 2. HP: 21/21 MP: 2/2
   237 | D:1      | Found Ceolain's Jewellery Shoppe.
   523 | D:1      | Reached XP level 3. HP: 27/27 MP: 3/3
   595 | D:1      | Found a faded altar of an unknown god.
  1226 | D:2      | Reached XP level 4. HP: 29/34 MP: 4/4
  1469 | D:3      | Noticed Natasha
  1472 | D:3      | Noticed Grinder
  1484 | D:3      | HP: 1/34 [cerulean imp/+2 spear[Natasha] (4)]
  1484 | D:3      | Slain by a cerulean imp

Illustrated notes

Levels and vault maps discovered:
D:1:      lemuel_arrival_behind_the_door_large, layout_loops_ring,
          shapermc_ecumenical_altar_notcrosses, serial_shops, shop,
          nrook_loot_triangle
D:2:      layout_basic
D:3:      layout_rooms, serial_shops, nicolae_shop_back_alley_shop,
          gammafunk_ghost_mausoleum, uniq_sigmund, uniq_natasha, uniq_grinder

Skill      XL: |  1  2  3  4 |
---------------+-------------+-----
Dodging        | 3 4 |  4.2
Fighting       | 2 |  2.8
Unarmed Combat | 4 |  4.2
Shapeshifting  | |  4.0

Action                     |  1- 3 |  4- 6 || total
---------------------------+-------+-------++-------
  Melee: Unarmed           |    95 |    19 ||   114
         Punch             |     1 |       ||     1
         Tailslap          |     1 |       ||     1
 Armour: Animal skin       |    28 |    23 ||    51
  Dodge: Dodged            |    49 |    19 ||    68
